 Dungeon Crawl Stone Soup version 0.31-a0-995-g04711c9635 (webtiles) character file.

Game seed: 8268974408887738093

242970 Omnilove the Bewitcher (level 18, -8/73 (83) HPs)
             Began as a Spriggan Hexslinger on Nov 5, 2023.
             Was the Champion of Hepliaklqana.
             Mangled by a +2 demon trident of pain (27 damage)
             ... on level 1 of the Elven Halls on Nov 6, 2023.
             The game lasted 04:19:57 (39423 turns).

Omnilove the Bewitcher (Spriggan Hexslinger)       Turns: 39423, Time: 04:19:58

HP:   -8/73 (83)    AC: 14    Str:  7    XL:     18   Next: 69%
MP:   33/37         EV: 38    Int: 12    God:    Hepliaklqana [******]
Gold: 2285          SH:  0    Dex: 30    Spells: 9/45 levels left

rFire   + . .        o - +3 arbalest
rCold   + . .        (shield currently unavailable)
rNeg    . . .        T - +2 robe {rC+ rF+}
rPois   .            O - +2 hat {Will+}
rElec   +            (no cloak)
rCorr   +            (gloves unavailable)
SInv    +            (boots unavailable)
Will    +++++        U - amulet of Trepidation {rElec Regen+ rCorr Str+3 Int-3}
Stlth   ++           x - +4 ring of protection
HPRegen 1.12/turn    L - ring of the Enemy {Will+ AC+4 Dex+5}
MPRegen 0.25/turn

%: no passive effects
@: heavily drained, very quick
A: reduced essence, very small, no large weapons, unfitting armour, see
invisible, speed 3
}: 2/15 runes: decaying, serpentine
a: Renounce Religion, Recall Ancestor, Ancestor Identity, Transference, Idealise


You were on level 1 of the Elven Halls.
You worshipped Hepliaklqana.
Hepliaklqana was exalted by your worship.
You visited 7 branches of the dungeon, and saw 32 of its levels.
You also visited: Gauntlet.

You collected 2850 gold pieces.
You spent 565 gold pieces at shops.

Inventory:

Hand Weapons
 o - a +3 arbalest (weapon)
Missiles
 g - 65 poisoned darts
 y - 2 throwing nets
 K - 4 curare-tipped darts
Armour
 O - a +2 hat of willpower (worn)
 T - a +2 robe of resistance (worn)
Jewellery
 a - a ring of ice
 t - a ring of poison resistance
 x - a +4 ring of protection (left hand)
 I - a ring of fire
 L - the ring of the Enemy (right hand) {Will+ AC+4 Dex+5}
   (You found it on level 4 of the Lair of Beasts)

   [ring of protection]

   AC+4:      It affects your AC (+4).
   Dex+5:     It affects your dexterity (+5).
   Will+:     It increases your willpower.
 U - the amulet of Trepidation (around neck) {rElec Regen+ rCorr Str+3 Int-3}
   (You found it in a Gauntlet)

   [amulet of regeneration]

   Str+3:     It affects your strength (+3).
   Int-3:     It affects your intelligence (-3).
   rElec:     It insulates you from electricity.
   Regen+:    It increases your rate of health regeneration.
   rCorr:     It protects you from acid and corrosion.
Wands
 c - a wand of paralysis (7)
 v - a wand of acid (13)
 N - a wand of polymorph (29)
 Q - a wand of digging (4)
 Y - a wand of roots (5)
Scrolls
 b - 10 scrolls of poison
 d - 4 scrolls of vulnerability
 h - 4 scrolls of blinking
 i - 2 scrolls of torment
 l - 5 scrolls of amnesia
 n - 3 scrolls of immolation
 s - 16 scrolls of teleportation
 A - 4 scrolls of fear
 C - 6 scrolls of fog
 E - 7 scrolls of revelation
 R - a scroll of enchant weapon
 S - 2 scrolls of summoning
Potions
 e - 7 potions of brilliance
 f - 5 potions of enlightenment
 k - 3 potions of might {unknown}
 m - 3 potions of haste
 p - 2 potions of resistance {unknown}
 q - 13 potions of curing
 r - 6 potions of mutation
 w - 6 potions of heal wounds
 z - 3 potions of cancellation
 B - 9 potions of lignification
 F - 3 potions of invisibility
 J - a potion of berserk rage {unknown}
 M - 3 potions of attraction {unknown}
 V - 2 potions of ambrosia {unknown}
 X - 3 potions of magic {unknown}
Miscellaneous
 D - a lightning rod (4/4)
 P - a tin of tremorstones (2/2)
 Z - a phantom mirror


   Skills:
 + Level 10.0 Fighting
 * Level 16.1 Ranged Weapons
 + Level 15.1 Dodging
 * Level 14.0 Spellcasting
 + Level 6.1 Conjurations
 + Level 18.1 Hexes
 * Level 14.5 Translocations
 + Level 5.6 Transmutations
 - Level 5.0 Fire Magic
 - Level 5.0 Air Magic
 + Level 10.2 Invocations
 - Level 5.0 Evocations


You had 9 spell levels left.
You knew the following spells:

 Your Spells              Type           Power      Damage    Failure   Level
a - Jinxbite              Hex            100%       N/A       0%          2
b - Slow                  Hex            100%       N/A       0%          1
c - Inner Flame           Hex/Fire       36%        N/A       1%          3
d - Cause Fear            Hex            25%        N/A       1%          4
e - Dimensional Bullseye  Hex/Tloc       23%        N/A       1%          4
f - Tukima's Dance        Hex            51%        N/A       0%          3
g - Fulminant Prism       Conj/Hex       18%        3d10      1%          4
h - Teleport Other        Tloc           43%        N/A       1%          3
i - Gell's Gravitas       Tloc           43%        N/A       1%          3
j - Yara's Violent Unrav  Hex/Tmut       18%        3d9       1%          5
k - Passage of Golubria   Tloc           43%        N/A       1%          4

Your spell library contained the following spells:

 Spells                   Type           Power      Damage    Failure   Level
 Confusing Touch          Hex            51%        N/A       0%          3
 Sigil of Binding         Hex            51%        N/A       0%          3
 Shock                    Conj/Air       84%        1d8       1%          1
 Lesser Beckoning         Tloc           86%        N/A       1%          2
 Scorch                   Fire           40%        2d6       1%          2
 Static Discharge         Conj/Air       42%        3-5/arc   1%          2
 Summon Guardian Golem    Hex/Summ       30%        N/A       1%          3
 Volatile Blastmotes      Fire/Tloc      62%        2d15      1%          3
 Iskenderun's Mystic Bla  Conj/Tloc      33%        2d8       1%          4
 Vhi's Electric Charge    Tloc/Air       62%        N/A       1%          4
 Silence                  Hex/Air        18%        N/A       1%          5
 Swiftness                Air            20%        N/A       3%          3
 Dispersal                Tloc           21%        N/A       3%          6
 Poisonous Vapours        Pois/Air       28%        N/A       4%          2
 Ignite Poison            Fire/Tmut/Pois 16%        N/A       5%          3
 Mephitic Cloud           Conj/Pois/Air  17%        N/A       5%          3
 Metabolic Englaciation   Hex/Ice        15%        N/A       5%          5
 Cigotuvi's Dreadful Rot  Necr/Pois/Air  24%        N/A       6%          2
 Hailstorm                Conj/Ice       15%        3d5       7%          3
 Summon Small Mammal      Summ           32%        N/A       8%          1
 Flame Wave               Conj/Fire      21%        2d8       8%          4
 Airstrike                Air            10%        2d(2-18)  10%         4
 Call Imp                 Summ           16%        N/A       12%         2
 Arcjolt                  Conj/Air       10%        1d20      22%         5
 Call Canine Familiar     Summ           8%         N/A       24%         3
 Ozocubu's Armour         Ice            8%         N/A       24%         3
 Vampiric Draining        Necr           8%         2d6       24%         3
 Summon Lightning Spire   Summ/Air       14%        N/A       28%         4
 Freezing Cloud           Conj/Ice/Air   8%         6-21      43%         5
 Animate Dead             Necr           8%         N/A       61%         4
 Summon Ice Beast         Ice/Summ       8%         N/A       61%         4
 Plasma Beam              Fire/Air       10%        2x1d21    83%         6
 Borgnjor's Vile Clutch   Necr/Erth      4%         N/A       91%         5
 Death Channel            Necr           4%         N/A       100%        6
 Simulacrum               Ice/Necr       4%         N/A       100%        6
 Summon Cactus Giant      Summ           4%         N/A       100%        6
 Lehudib's Crystal Spear  Conj/Erth      7%         10d3      100%        8
 Chain Lightning          Conj/Air       10%        3d14      100%        9
 Dragon's Call            Summ           4%         N/A       100%        9
 Fire Storm               Conj/Fire      10%        8d3       100%        9
 Shatter                  Erth           4%         3d7*      100%        9


Dungeon Overview and Level Annotations

Branches:
Dungeon (15/15)            Temple (1/1) D:4            Lair (5/5) D:9
  Swamp (4/4) Lair:3        Snake (4/4) Lair:3        Slime (0/5) Lair:5
    Orc (2/2) D:9             Elf (1/3) Orc:2        Vaults (0/5) D:14
 Depths (0/4) D:15        Gauntlet (visited)

Altars:
Ashenzari
Cheibriados
Dithmenos
Elyvilon
Fedhas
Gozag
Hepliaklqana
Kikubaaqudgha
Makhleb
Nemelex Xobeh
Okawaru
Qazlal
Ru
Sif Muna
Trog
Uskayaw
Vehumet
Wu Jian
Xom
Yredelemnul
Zin
The Shining One
Jiyva

Shops:
D:1 !   D:4 (   D:5 **   D:6 =   D:8 *   D:9 ?*   D:10 !   D:13 =   Orc:2 *=[
Snake:2 [   Snake:4 =


Innate Abilities, Weirdness & Mutations

Your life essence is reduced to manifest your ancestor. (-10% HP)
You are very small and have problems with some larger weapons.
You are too small for most types of armour.
You have supernaturally acute eyesight. (SInv)
You cover ground extremely quickly. (Speed+++)


Message History

The bolt hits the +0 demon blade of draining!
The +0 demon blade of draining is moderately damaged.
Fire: o) +3 arbalest
Press: ? - help, Q - select action, (/) - cycle Shift-Dir - straight line, f - +2 demon trident of pain, p - +0 demon blade of draining
Aim: a +2 demon trident of pain (56% to hit)
You shoot a bolt.
The bolt hits the +0 demon blade of draining!
The +0 demon blade of draining is severely damaged.
The +0 demon blade of draining completely misses you.
The +2 demon trident of pain completely misses you.
Casting: Jinxbite (safe; 0% risk of failure)
Confirm with . or Enter, or press ? or * to list all spells.
Aiming: Fulminant Prism (mildly dangerous; 1% risk of failure)
Press: ? - help, Dir - move target, p - +2 demon trident of pain You conjure a prism of explosive energy!
A fulminant prism comes into view.
The +0 demon blade of draining hits you!
You feel drained.
The +2 demon trident of pain hits you from afar.
The +0 demon blade of draining closely misses you.
Fire: o) +3 arbalest
Press: ? - help, Q - select action, (/) - cycle Shift-Dir - straight line, f - +2 demon trident of draining
Aim: a +2 demon trident of draining (moderately damaged, ally target, 56% to hit)
You shoot a bolt.
The bolt completely misses the +0 demon blade of draining.
The bolt hits the +2 demon trident of pain!
The +2 demon trident of pain is heavily damaged.
The +2 demon trident of pain hits you from afar!
The +0 demon blade of draining hits you!!
You feel drained.
The +2 demon trident of pain closely misses you.
Your fulminant prism crackles loudly.
You feel much better.
The +0 demon blade of draining barely misses you.
The +2 demon trident of pain hits you from afar.
The +0 demon blade of draining hits you!!
You feel drained.
* * * LOW HITPOINT WARNING * * *
The +2 demon trident of pain hits you from afar!!
You die...

######.......))#####)#...... #...
)...##....).)..)@((((#...... #...
###.#..........#####*##(.... #...
.........#...### ###.#########...
###.###.##...#####.....# #.......
###.# #.####...........###.......
....# #.# #.####.......###......
#######+## #.####.......####.....
# ##...###.#...........# ##.... #
##.....##.#.##.......## #.... #
##.......#............# #....
###.........##.#.......######....
..'.........'...........))..)....
###.........####...###########...
# ##.......## ##..# ##...# #
##.....## ##.# #..... # ##...##
#.# #.....


You could see 4 dancing weapons and a friendly fulminant prism.

Vanquished Creatures
  Norris (Elf:1)
  Mlioglotl (Snake:3)
  2 nagarajas
  A fenstrider witch (Swamp:2)
  The ghost of Cahekav the Fighter, a journeyman DrIE of Dithmenos (Swamp:4)
  Louise (D:14)
  An orc warlord (Orc:2)
  3 eleionomae (Swamp:3)
  A dire elephant (Lair:3)
  A deep elf demonologist (Elf:1)
  A bunyip (Swamp:4)
  A salamander tyrant (Snake:4)
  10 hydras
  2 ogre magi (Orc:2)
  An alligator (Swamp:4)
  A catoblepas (Lair:5)
  2 centaur warriors
  A ghost crab (Swamp:1)
  4 dancing weapons
  2 boulder beetles
  6 two-headed ogres
  3 death yaks
  5 naga warriors
  5 anacondas
  7 shock serpents
  3 spriggan berserkers (Swamp:4)
  2 thrashing horrors (Gauntlet)
  7 naga sharpshooters
  4 deep elf knights (Elf:1)
  A fire crab (Gauntlet)
  A spectral death yak (Lair:5)
  2 skysharks (Elf:1)
  A skeletal warrior (D:14)
  4 salamander mystics
  5 goliath frogs
  A flayed ghost (D:15)
  A deep troll (Orc:2)
  5 naga ritualists
  An obsidian statue (Lair:5)
  6 swamp dragons
  A spriggan druid (Swamp:2)
  2 bog bodies (Swamp:4)
  7 deep elf zephyrmancers (Elf:1)
  An orc knight (Orc:1)
  3 deep elf archers (Elf:1)
  9 deep elf pyromancers
  A necromancer (Lair:5)
  13 mana vipers
  2 will-o-the-wisps (Swamp:3)
  3 cyclopes
  5 ugly things
  An orc sorcerer (Orc:1)
  17 salamanders
  A cyclops (shapeshifter) (D:14)
  16 elephants
  6 guardian serpents
  A torpor snail (Lair:2)
  36 black mambas
  5 cane toads
  6 naga magi
  A gargoyle (D:11)
  8 komodo dragons
  A tengu conjurer (D:15)
  4 rime drakes
  A polar bear (Lair:2)
  6 trolls
  6 hornets
  4 tyrant leeches
  13 blink frogs
  2 dream sheep (Lair:5)
  A slime creature (Lair:5)
  A shadow (D:12)
  24 yaks
  An air elemental (Elf:1)
  5 fire bats (Gauntlet)
  A vampire (D:12)
  2 basilisks
  3 spriggans
  A wyvern (Lair:2)
  3 wraiths
  A steam dragon (D:8)
  A warg (Orc:2)
  9 vampire mosquitoes
  27 nagas
  A death yak simulacrum (Lair:5)
  An acid dragon (D:9)
  8 swamp worms
  8 water moccasins
  17 orc warriors
  5 swamp drakes
  An elephant zombie (Lair:5)
  2 black bears (D:9)
  16 ogres
  3 wolves
  3 small abominations (Gauntlet)
  12 centaurs
  2 phantoms
  8 kobold brigands
  4 bullfrogs
  An earth elemental (Elf:1)
  3 scorpions
  2 wights (D:8)
  An elephant simulacrum (Lair:5)
  3 howler monkeys
  An electric eel (Lair:2)
  4 jellies
  5 hounds
  8 orc priests
  3 iguanas
  A sleepcap (D:5)
  13 orc wizards
  Natasha (thrice) (D:4)
  5 hell rats (Lair:1)
  8 adders
  19 gnolls
  A shadow imp (D:7)
  3 white imps
  A worm (D:3)
  4 dart slugs
  65 orcs
  7 endoplasms
  5 goblins
  8 jackals
  3 quokkas
  3 ball pythons
  5 bats
  10 frilled lizards
  13 kobolds
  8 rats
677 creatures vanquished.

Vanquished Creatures (collateral kills)
  Vashnia (Snake:2)
  Frances (Swamp:2)
  Gastronok (D:11)
  Aizul (Snake:4)
  2 nagarajas (Snake:4)
  A minotaur (Gauntlet)
  An eleionoma (Swamp:1)
  4 bunyips
  2 dire elephants (Lair:5)
  A shambling mangrove (Swamp:4)
  A salamander tyrant (Snake:4)
  2 catoblepae
  7 hydras
  A centaur warrior (D:13)
  3 dancing weapons
  4 two-headed ogres (Orc:2)
  3 boulder beetles
  5 anacondas
  A death yak (Lair:5)
  4 alligators
  7 naga warriors
  A spectral dire elephant (Lair:5)
  A storm dragon zombie (D:15)
  6 shock serpents
  A deep elf knight (Elf:1)
  5 naga sharpshooters
  A fire crab (Gauntlet)
  2 skysharks
  A spark wasp zombie (D:15)
  A goliath frog (Swamp:3)
  A skeletal warrior (D:15)
  A spectral anaconda (Lair:5)
  2 salamander mystics
  A spectral death yak (Lair:5)
  A spriggan druid (Swamp:3)
  A deep troll (Orc:2)
  A storm dragon skeleton (D:15)
  2 bog bodies
  3 necromancers
  4 swamp dragons
  2 naga ritualists
  A deep elf archer (Elf:1)
  An orc knight (Orc:1)
  2 lindwurms (Snake:4)
  3 deep elf pyromancers (Elf:1)
  3 deep elf zephyrmancers (Elf:1)
  2 will-o-the-wisps
  3 mana vipers
  2 manticores
  4 ugly things
  2 orc sorcerers
  4 cyclopes
  6 salamanders
  A guardian serpent (Snake:4)
  14 black mambas
  7 elephants
  8 naga magi
  A dire elephant zombie (Lair:5)
  2 torpor snails
  6 cane toads
  Jeremiah (D:8)
  7 komodo dragons
  3 rime drakes
  A tengu conjurer (D:15)
  6 trolls
  A polar bear (Lair:4)
  A tarantella (shapeshifter) (D:13)
  2 tyrant leeches
  A hornet (shapeshifter) (D:15)
  4 hornets
  A spectral elephant (Lair:5)
  9 blink frogs
  2 dream sheep (Lair:5)
  7 spriggans
  An air elemental (Elf:1)
  A wraith (D:14)
  A fire bat (Gauntlet)
  3 wyverns
  A basilisk (Lair:3)
  22 yaks
  6 vampire mosquitoes
  A spectral cane toad (Lair:5)
  10 swamp worms
  12 nagas
  An acid dragon (D:11)
  10 water moccasins
  8 orc warriors
  3 swamp drakes
  A black bear (D:7)
  An elephant zombie (Lair:5)
  7 ogres (Orc:2)
  3 centaurs
  2 wolves (Lair:3)
  5 bullfrogs
  2 scorpions (D:10)
  2 cane toad simulacra (Lair:5)
  4 wights (D:8)
  An elephant simulacrum (Lair:5)
  An electric eel (Lair:3)
  3 howler monkeys
  2 orc priests
  A gnoll bouda (D:8)
  2 jellies (Lair:5)
  A sleepcap (D:6)
  10 orc wizards
  4 gnolls
  2 adders (D:10)
  13 orcs
  A giant cockroach (shapeshifter) (D:14)
  3 kobolds (D:8)
  4 bats (D:10)
364 creatures vanquished.

Vanquished Creatures (others)
  2 bloated husks (Swamp:2)
  14 dancing weapons
  70 battlemagi
  An ancestor (D:6)
  20 foxfires
  49 fulminant prisms
156 creatures vanquished.

Grand Total: 1197 creatures vanquished

Notes
Turn   | Place    | Note
-------+----------+-------------------------------------------
     0 | D:1      | Omnilove the Spriggan Hexslinger began the quest for the
                  | Orb.
     0 | D:1      | Reached XP level 1. HP: 9/9 MP: 3/3
   251 | D:1      | Reached XP level 2. HP: 14/14 MP: 5/5
   260 | D:1      | Learned a level 2 spell: Jinxbite
   262 | D:1      | Learned a level 1 spell: Slow
   262 | D:1      | Found Irhoamnyrch's Distillery.
   443 | D:2      | Reached skill level 1 in Fighting
   443 | D:2      | Reached skill level 4 in Hexes
   443 | D:2      | Reached skill level 1 in Fire Magic
   518 | D:2      | Reached XP level 3. HP: 18/18 MP: 3/7
   703 | D:2      | Reached XP level 4. HP: 22/22 MP: 8/8
   707 | D:2      | Learned a level 3 spell: Inner Flame
  1307 | D:3      | Reached XP level 5. HP: 16/25 MP: 5/9
  2235 | D:4      | Found Fyigoof's Antique Weapon Boutique.
  2261 | D:4      | Reached skill level 5 in Hexes
  2392 | D:4      | Reached XP level 6. HP: 30/30 MP: 8/11
  2531 | D:4      | Found a staircase to the Ecumenical Temple.
  2535 | D:4      | Noticed Natasha
  2539 | D:4      | Killed Natasha
  2542 | Temple   | Entered the Ecumenical Temple
  2560 | Temple   | Became a worshipper of Hepliaklqana the Forgotten
  2778 | D:4      | Noticed Natasha
  2783 | D:4      | Killed Natasha
  2934 | D:4      | Noticed Natasha
  2944 | D:4      | Killed Natasha
  3136 | D:5      | Entered Level 5 of the Dungeon
  3164 | D:4      | Reached XP level 7. HP: 32/35 MP: 11/13
  3285 | D:5      | Reached skill level 6 in Hexes
  3471 | D:5      | Found Niukh's Specific Store.
  3473 | D:5      | Found Deem's General Store.
  3676 | D:5      | Found the +7 Throatcutter {drain, coup de grace}
  3694 | D:5      | Reached skill level 5 in Ranged Weapons
  3694 | D:5      | Reached XP level 8. HP: 17/39 MP: 7/15
  3701 | D:5      | Reached skill level 5 in Dodging
  3701 | D:5      | Reached skill level 7 in Hexes
  3904 | D:5      | Reached * piety under Hepliaklqana
  3930 | D:5      | Found an ancient bone altar of Kikubaaqudgha.
  4228 | D:6      | Reached skill level 5 in Spellcasting
  4481 | D:6      | Found Pasmom's Jewellery Emporium.
  4531 | D:6      | Reached XP level 9. HP: 39/39 MP: 14/17
  4662 | D:7      | Reached ** piety under Hepliaklqana
  4663 | D:7      | Remembered your ancestor Cyneburga as a battlemage
  4929 | D:7      | Reached skill level 8 in Hexes
  5374 | D:8      | Learned a level 4 spell: Cause Fear
  5379 | D:8      | Learned a level 4 spell: Dimensional Bullseye
  5546 | D:8      | Found Fuhaly's Island Escapes.
  5699 | D:8      | Noticed Jeremiah
  6029 | D:8      | Killed Jeremiah
  6267 | D:8      | Reached skill level 9 in Hexes
  6572 | D:9      | Reached skill level 1 in Translocations
  6591 | D:9      | Noticed a komodo dragon
  6614 | D:9      | Reached XP level 10. HP: 44/44 MP: 16/20
  6687 | D:9      | Noticed an elephant
  6696 | D:9      | Killed an elephant
  6697 | D:9      | Found a staircase to the Lair.
  6816 | D:9      | Found Gaedutal's Magic Scroll Shoppe.
  6854 | D:9      | Found Caefuxem's Assorted Antiques.
  6887 | D:9      | Reached *** piety under Hepliaklqana
  7165 | D:9      | Reached skill level 10 in Hexes
  7315 | D:9      | Found a staircase to the Orcish Mines.
  7526 | D:10     | Entered Level 10 of the Dungeon
  7551 | D:10     | Found a basalt altar of Yredelemnul.
  7563 | D:10     | Found a burning altar of Makhleb.
  7636 | D:10     | Found Douf's Distillery.
  8322 | D:11     | Found an opulent altar of Gozag.
  8323 | D:11     | Noticed a two-headed ogre
  8329 | D:11     | Killed a two-headed ogre
  8330 | D:11     | Reached skill level 1 in Invocations
  8379 | D:11     | Noticed a gargoyle
  8389 | D:11     | Killed a gargoyle
  8418 | D:11     | Noticed a two-headed ogre
  8423 | D:11     | Killed a two-headed ogre
  8424 | D:11     | Reached XP level 11. HP: 48/48 MP: 22/22
  8425 | D:11     | Noticed Gastronok
  8437 | D:11     | Killed Gastronok
  8438 | D:11     | Reached skill level 5 in Fighting
  8569 | D:11     | Noticed a boulder beetle
  8587 | D:11     | Killed a boulder beetle
  8643 | D:11     | Reached skill level 11 in Hexes
  8675 | D:11     | Reached skill level 5 in Translocations
  8675 | D:11     | Reached skill level 5 in Fire Magic
  9176 | D:12     | Reached **** piety under Hepliaklqana
  9334 | D:12     | Noticed a boulder beetle
  9342 | D:12     | Killed a boulder beetle
  9882 | D:13     | Noticed a purple ugly thing
  9888 | D:13     | Killed a purple ugly thing
  9896 | D:13     | Noticed a purple ugly thing
  9900 | D:13     | Killed a purple ugly thing
  9940 | D:13     | Found Jiazxes's Jewellery Boutique.
 10074 | D:13     | Noticed a centaur warrior
 10436 | D:13     | Noticed a boulder beetle
 10444 | D:13     | Killed a boulder beetle
 10483 | D:13     | Noticed a centaur warrior
 10577 | D:13     | Killed a centaur warrior
 10578 | D:13     | Reached XP level 12. HP: 54/54 MP: 25/25
 10611 | D:13     | Killed a centaur warrior
 10612 | D:13     | Reached skill level 10 in Ranged Weapons
 10612 | D:13     | Reached skill level 12 in Hexes
 11059 | D:13     | Noticed a boulder beetle
 11131 | D:13     | Killed a boulder beetle
 11142 | D:13     | Reached ***** piety under Hepliaklqana
 11898 | D:14     | Reached skill level 10 in Dodging
 11904 | D:14     | Found a gate to the Vaults.
 12034 | D:14     | Noticed Louise
 12073 | D:13     | Found Jiazxes's Jewellery Boutique.
 12199 | D:15     | Identified the of Gothu
 12199 | Lair:1   | Entered Level 1 of the Lair of Beasts
 12318 | Lair:1   | Noticed a catoblepas
 12326 | Lair:1   | Killed a catoblepas
 12327 | Lair:1   | Reached skill level 13 in Hexes
 12866 | Lair:2   | Reached skill level 5 in Invocations
 12878 | Lair:2   | Reached XP level 13. HP: 53/58 MP: 27/27
 13802 | Lair:3   | Found a staircase to the Snake Pit.
 13962 | Lair:3   | Reached skill level 1 in Transmutations
 14105 | Lair:3   | Found a staircase to the Swamp.
 14177 | Lair:3   | Reached skill level 14 in Hexes
 14446 | Lair:3   | Noticed a dire elephant
 14505 | Lair:3   | Killed a dire elephant
 14506 | Lair:3   | Reached skill level 10 in Spellcasting
 14600 | Lair:3   | Reached ****** piety under Hepliaklqana
 14914 | Lair:3   | Upgraded the game from 0.31-a0-988-g08d55dae12 to
                  | 0.31-a0-995-g04711c9635
 14989 | Lair:4   | Identified the ring of the Enemy {Will+ AC+4 Dex+5}
 15129 | Lair:4   | Reached XP level 14. HP: 64/64 MP: 25/29
 15130 | Lair:4   | Reached skill level 1 in Evocations
 15174 | Lair:4   | Found a gate leading to a gauntlet.
 15233 | Gauntlet | Entered a Gauntlet
 15233 | Gauntlet | Found a transporter.
 15233 | Gauntlet | Found a transporter.
 15234 | Gauntlet | Found a transporter.
 15234 | Gauntlet | Found a transporter.
 15237 | Gauntlet | Found a transporter.
 15237 | Gauntlet | Found a transporter.
 15247 | Gauntlet | Found a transporter.
 15251 | Gauntlet | Found a transporter.
 15261 | Gauntlet | Found a transporter.
 15364 | Gauntlet | Found a transporter.
 15368 | Gauntlet | Found a transporter.
 15380 | Gauntlet | Found a transporter.
 15423 | Gauntlet | Learned a level 3 spell: Tukima's Dance
 15428 | Gauntlet | Learned a level 4 spell: Fulminant Prism
 15806 | Gauntlet | Identified the amulet of Trepidation {rElec Regen+ rCorr
                  | Str+3 Int-3}
 15912 | Gauntlet | Learned a level 3 spell: Teleport Other
 16381 | Lair:4   | Found a runed translucent door.
 16471 | Lair:4   | Identified the maw talisman of Mysticism {Dex+4 Stlth-}
 16706 | Lair:4   | Reached skill level 1 in Conjurations
 16721 | Lair:4   | Identified the +2 robe "Doxavuep" {rC- Str+2 Int+2}
 16750 | Lair:5   | Entered Level 5 of the Lair of Beasts
 16998 | Lair:5   | Reached skill level 10 in Translocations
 17179 | Lair:5   | Found a viscous altar of Jiyva.
 17186 | Lair:5   | Found a staircase to the Slime Pits.
 17212 | Lair:5   | Reached skill level 15 in Hexes
 17212 | Lair:5   | Reached skill level 5 in Transmutations
 17659 | Lair:5   | Learned a level 3 spell: Gell's Gravitas
 17665 | Lair:5   | Learned a level 5 spell: Yara's Violent Unravelling
 18504 | Lair:5   | Identified the +9 plate armour of the Vacuum {rPois rF+
                  | rC-}
 18541 | Lair:5   | Reached XP level 15. HP: 69/69 MP: 18/30
 18908 | Orc:1    | Entered Level 1 of the Orcish Mines
 19693 | Orc:2    | Entered Level 2 of the Orcish Mines
 19693 | Orc:2    | Found a staircase to the Elven Halls.
 20146 | Orc:2    | Reached skill level 5 in Evocations
 20738 | Orc:2    | Found Puekat's General Store.
 20738 | Orc:2    | Found Hunaim's Antique Armour Boutique.
 20751 | Orc:2    | Found Navosk's Jewellery Shoppe.
 20773 | Orc:2    | Found Jaomouji's Armour Shop.
 21227 | Orc:2    | Reached skill level 16 in Hexes
 21533 | D:14     | Killed Louise
 21806 | D:15     | Entered Level 15 of the Dungeon
 22217 | D:15     | Found a staircase to the Depths.
 22905 | Swamp:1  | Entered Level 1 of the Swamp
 23489 | Swamp:2  | Noticed Frances
 23498 | Swamp:2  | Killed Frances
 23692 | Swamp:2  | Noticed a fenstrider witch
 23700 | Swamp:2  | Killed a fenstrider witch
 23721 | Swamp:2  | Reached XP level 16. HP: 73/73 MP: 28/32
 23883 | Swamp:2  | Reached skill level 1 in Air Magic
 26635 | Swamp:4  | Entered Level 4 of the Swamp
 26715 | Swamp:4  | Reached skill level 17 in Hexes
 28045 | Swamp:4  | Found a runed translucent gate.
 28045 | Swamp:4  | Found a runed translucent gate.
 28106 | Swamp:4  | Found a runed translucent gate.
 28111 | Swamp:4  | Noticed Cahekav's ghost (journeyman DrIE)
 28716 | Swamp:4  | Got a decaying rune of Zot
 29018 | Swamp:4  | Killed Cahekav's ghost
 29069 | Swamp:4  | Learned a level 4 spell: Passage of Golubria
 29327 | Snake:1  | Entered Level 1 of the Snake Pit
 30103 | Snake:1  | Reached XP level 17. HP: 78/78 MP: 32/34
 30643 | Snake:2  | Reached skill level 15 in Ranged Weapons
 30824 | Snake:2  | Reached skill level 5 in Conjurations
 30968 | Snake:2  | Noticed Vashnia
 31451 | Snake:2  | Found Indra's Dragon-Slaying Spoils.
 32174 | Snake:2  | Killed Vashnia
 32403 | Snake:2  | Found Indra's Dragon-Slaying Spoils.
 33014 | Snake:3  | Noticed Mlioglotl
 33016 | Snake:3  | Noticed a lich
 34007 | Snake:3  | Noticed a bone dragon
 34023 | Snake:3  | Killed Mlioglotl
 34770 | Snake:4  | Entered Level 4 of the Snake Pit
 34771 | Snake:4  | Found Kaonoid's Jewellery Boutique.
 36147 | Snake:4  | Identified the serpent talisman of the Game of Kings {Str-5
                  | Dex+5}
 36147 | Snake:4  | Noticed Aizul
 36152 | Snake:4  | Killed Aizul
 36199 | Snake:4  | Found a huge runed translucent gate.
 36199 | Snake:4  | Found a huge runed translucent gate.
 36200 | Snake:4  | Found a huge runed translucent gate.
 36200 | Snake:4  | Found a huge runed translucent gate.
 36200 | Snake:4  | Found a huge runed translucent gate.
 36376 | Snake:4  | Reached XP level 18. HP: 83/83 MP: 36/36
 36628 | Snake:4  | Reached skill level 5 in Air Magic
 37002 | Snake:4  | Got a serpentine rune of Zot
 37167 | Snake:4  | Reached skill level 18 in Hexes
 37619 | D:1      | Bought 2 potions of invisibility for 176 gold pieces
 37619 | D:1      | Bought 2 potions of curing for 66 gold pieces
 37619 | D:1      | Bought a potion of haste for 110 gold pieces
 37619 | D:1      | Bought a potion of curing for 33 gold pieces
 37619 | D:1      | Bought a potion of curing for 33 gold pieces
 37619 | D:1      | Bought a potion of curing for 33 gold pieces
 37774 | D:9      | Bought a scroll of brand weapon for 114 gold pieces
 37858 | Vaults:5 | Identified the "Relap Pain"
 37858 | Vaults:5 | Identified the "Suojawai"
 37858 | Vaults:5 | Identified the of Tyhuem
 37858 | Depths:2 | Identified the "Kolovof"
 37858 | Depths:2 | Identified the "Ecsegh"
 37858 | Elf:1    | Identified the "Coteujegh"
 37858 | Elf:1    | Entered Level 1 of the Elven Halls
 37914 | Elf:1    | Reached skill level 10 in Invocations
 38114 | Elf:1    | Found a runed translucent door.
 38253 | Elf:1    | Paralysed by an air elemental for 1 turns
 38305 | Elf:1    | Reached skill level 15 in Dodging
 38472 | Elf:1    | Noticed Norris
 38483 | Elf:1    | Noticed a Brimstone Fiend
 38511 | Elf:1    | Killed Norris
 38512 | Elf:1    | Reached skill level 10 in Fighting
 39129 | Elf:1    | Noticed a Brimstone Fiend
 39423 | Elf:1    | Mangled by a +2 demon trident of pain

Illustrated notes

Levels and vault maps discovered:
D:1:      saegor_arrival_miasma, layout_rooms, serial_shops,
          nicolae_shop_tiny_glass
D:2:      layout_basic
D:3:      layout_basic, minmay_circle_x
D:4:      layout_loops_ring, minmay_temple_entry_grid, serial_shops,
          nicolae_shop_window_shopping, uniq_natasha
D:5:      layout_cave_pools, mainiacjoe_overflow_tiny_flanked,
          nicolae_specific_store, dilly_guarded_unrand_throatcut
D:6:      layout_basic, nicolae_stop_n_shop_2
D:7:      layout_basic
D:8:      layout_gridville, nicolae_island_escapes, uniq_jeremiah
D:9:      layout_basic, grunt_lair_entry_orc_guard_hut, orc_0_dummy,
          serial_shops, nicolae_shop_trees, shop, serial_glass, glass_columns_c,
          glass_columns_a
D:10:     old_forge, layout_loops_ring,
          chequers_temple_overflow_statue_of_worship, serial_shops,
          nicolae_shop_industrial_runoff, nicolae_houndstooth_variations
D:11:     layout_irregular_city, nicolae_gozag_seed_capital, uniq_gastronok
D:12:     layout_loops_ring
D:13:     layout_gridville, serial_shops, nicolae_diamond_shop,
          chequers_mini_garden
D:14:     layout_small_grid, erik_vaults_1, special_room [special_room_orc],
          uniq_louise
D:15:     gammafunk_depths_entry_grave, layout_rooms, hangedman_decor_push
Temple:   hellmonk_temple_of_storms
Lair:1:   layout_hall_layers
Lair:2:   nzn_winding_woodlands_small
          [nzn_winding_woodlands_5x15_river_crossing,
          nzn_winding_woodlands_center_triple_pond,
          nzn_winding_woodlands_5x15_jagged], layout_chaotic_city,
          beast_lair_carwin_7
Lair:3:   mu_elephants_graveyard, layout_misc_corridors, swamp_mist_pool,
          guppyfry_snake_entry_garden, infiniplex_staircase_pool
Lair:4:   layout_regular_city, gauntlet_entry_generic, pf_torpor_hydra
Lair:5:   due_jungle_book, layout_loops_ring, minmay_slime_entry_pillars,
          minivault_27, chequers_serial_rivers_large_a
Swamp:1:  layout_falls_marsh, hangedman_swamp_ruin_wall
Swamp:2:  layout_basic_swamp, hangedman_swamp_blocks, uniq_frances
Swamp:3:  layout_falls_marsh, evilmike_swamp_ruin_house_5, swamp_pool_5,
          hangedman_swamp_grove
Swamp:4:  swamp_basic_johnstein, layout_basic_swamp, ebering_ghost_rock_garden,
          swamp_pool_1_2, nicolae_swamp_hydra_murder_den
Snake:1:  layout_rooms
Snake:2:  layout_cave_pods, nicolae_shop_dragon_depot, uniq_vashnia
Snake:3:  layout_grid_shapes, nicolae_snake_gridmaze_waves,
          nicolae_snake_guarding_the_ruins, uniq_mlioglotl
Snake:4:  snake_pit_salamanders_mu, layout_rooms, serial_shops, shop,
          hangedman_venom_bottle, uniq_aizul
Orc:1:    layout_caves, basic_altar
Orc:2:    st_orc_open, layout_diamond_mine, david_defended_altar_orc
Elf:1:    layout_loops_corners, minmay_elf_demonology, nicolae_danse_macabre,
          uniq_norris

Skill      XL: |  1  2  3  4  5  6  7  8  9 10 11 12 13 14 15 16 17 18 |
---------------+-------------------------------------------------------+-----
Fighting       | 1 2 3 4 5 6 7 8 9 10 | 10.0
Hexes          | 4 5 6 7 9 10 11 13 14 15 16 17 18 | 18.1
Fire Magic     | 1 2 3 4 5 |  5.0
Dodging        | 3 4 6 7 8 9 10 11 12 13 14 15 | 15.1
Spellcasting   | 2 3 4 5 6 7 8 9 10 11 12 13 14 | 14.0
Ranged Weapons | 3 4 5 6 7 8 9 11 12 13 14 15 16 | 16.1
Translocations | 1 4 6 8 9 10 11 13 14 | 14.5
Invocations    | 1 3 5 6 7 8 9 10 | 10.2
Transmutations | 3 5 |  5.6
Evocations     | 4 5 |  5.0
Conjurations   | 2 3 4 5 6 |  6.1
Air Magic      | 3 4 5 |  5.0

Action                     |  1- 3 |  4- 6 |  7- 9 | 10-12 | 13-15 | 16-18 || total
---------------------------+-------+-------+-------+-------+-------+-------++-------
   Fire: Sling             |    63 |   207 |   147 |       |       |       ||   417
         Shortbow          |       |       |    86 |       |       |       ||    86
         Orcbow            |       |       |    58 |   477 |  1107 |       ||  1642
         Arbalest          |       |       |       |       |    86 |  1135 ||  1221
   Cast: Jinxbite          |     3 |    29 |    62 |    95 |   163 |   110 ||   462
         Slow              |     2 |     3 |     2 |     8 |     5 |     1 ||    21
         Inner Flame       |       |       |     1 |     1 |    11 |    16 ||    29
         Dimensional Bulls |       |       |     1 |       |     3 |     5 ||     9
         Fulminant Prism   |       |       |       |       |    32 |    19 ||    51
         Gell's Gravitas   |       |       |       |       |     2 |     5 ||     7
         Tukima's Dance    |       |       |       |       |    35 |    28 ||    63
         Cause Fear        |       |       |       |       |     2 |    11 ||    13
         Yara's Violent Un |       |       |       |       |     1 |    13 ||    14
         Teleport Other    |       |       |       |       |       |     1 ||     1
 Invoke: Recall Ancestor   |       |       |     1 |     2 |    12 |    14 ||    29
         Ancestor Life: Ba |       |       |     1 |       |       |       ||     1
         Ancestor Identity |       |       |       |     1 |       |       ||     1
  Evoke: Wand              |       |       |     1 |       |     1 |     5 ||     7
         Lightning rod     |       |       |       |       |     1 |       ||     1
         Phantom mirror    |       |       |       |       |       |     1 ||     1
    Use: Scroll            |       |       |       |     9 |     9 |     9 ||    27
         Potion            |       |       |       |       |     1 |     1 ||     2
 Armour: Robe              |     3 |    35 |    45 |    51 |   147 |   203 ||   484
  Dodge: Dodged            |    10 |    45 |   120 |   191 |   459 |   727 ||  1552

Table legend: (Time is in decaauts)
 A = Elapsed time spent in this place.
 B = Non-inter-level travel time spent in this place.
 C = Inter-level travel time spent in this place.
 D = Time resting spent in this place.
 E = Time spent auto-exploring this place.
 F = Levels seen in this place.
 G = Mean time per level.
                   A        B        C        D        E       F      G
               +--------+--------+--------+--------+--------+-----+--------+
         Total |  36697 |  33950 |   2747 |   8265 |  17428 |  33 | 1112.0 |
       Dungeon |  12887 |  11558 |   1329 |   1377 |   7871 |  15 |  859.1 |
        Temple |     23 |      3 |     20 |      0 |      0 |   1 |   23.0 |
          Lair |   5795 |   5095 |    700 |    419 |   3032 |   5 | 1159.0 |
         Swamp |   6104 |   5807 |    297 |   2483 |   1824 |   4 | 1526.0 |
     Snake Pit |   7603 |   7259 |    344 |   2521 |   3030 |   4 | 1900.8 |
  Orcish Mines |   2133 |   2079 |     54 |    917 |    683 |   2 | 1066.5 |
   Elven Halls |   1481 |   1481 |      0 |    330 |    849 |   1 | 1481.0 |
      Gauntlet |    669 |    669 |      0 |    215 |    138 |   1 |  669.0 |
               +--------+--------+--------+--------+--------+-----+--------+

Top non-repeatable levels by time:
 Snake:2: 2494 daAuts
 Swamp:4: 2274 daAuts
 Snake:4: 2135 daAuts
 Snake:3: 2029 daAuts
 Swamp:3: 2023 daAuts
  Lair:5: 1748 daAuts
   Orc:2: 1533 daAuts
   Elf:1: 1481 daAuts
     D:9: 1441 daAuts
  Lair:3: 1406 daAuts
    D:13: 1325 daAuts
 Swamp:2: 1243 daAuts
  Lair:2: 1216 daAuts
    D:12: 1172 daAuts
     D:8: 1113 daAuts
